[Event "Titled Tuesday Blitz August 08 Early 2023"]
[White "Remizov, Yaroslav"]
[Black "Aronian, Levon"]
[WhiteFideId "34134015"]
[BlackFideId "13300474"]
[WhiteElo "2847"]
[BlackElo "3041"]
[Result "0-1"]
[Round "11"]
[TimeControl "180+1"]
[Date "2023.08.08"]
[WhiteClock "0:00:00"]
[BlackClock "0:01:13"]
[Board "7"]

1. e4 c5 2. Nf3 e6 3. c3 d5 4. exd5 Qxd5 5. d4 Nf6 6. Na3 Nc6 7. Nb5 Qd8 8. dxc5 Bxc5 9. Qxd8+ Kxd8 10. Bg5 a6 11. O-O-O+ Ke7 12. Nbd4 Bd7 13. Bc4 Rhc8 14. Rhe1 Kf8 15. Bxf6 gxf6 16. Nb3 Bxf2 17. Re2 Nb8 18. Bxe6 fxe6 19. Rxf2 Ke7 20. g4 Rg8 21. g5 fxg5 22. Ne5 Be8 23. Na5 b5 24. Ng4 Nc6 25. Nb7 Bh5 26. Rg1 Bxg4 27. Rxg4 Ne5 28. Rg3 g4 29. Re2 Nf3 30. Nc5 Rg6 31. h3 h5 32. hxg4 hxg4 33. Re4 Rag8 34. Nd3 Rg5 35. Nf4 Re5 36. Rxe5 Nxe5 37. Kc2 Kf6 38. Rg2 Kf5 39. Ne2 Nf3 40. Kd3 Ne5+ 41. Ke3 Nc4+ 42. Kf2 Nxb2 43. Nd4+ Kf6 44. Kg3 Nc4 45. Rf2+ Ke7 46. Re2 e5 47. Nc6+ Kd6 48. Nb4 a5 49. Nd3 Kd5 50. Nf2 Nd6 51. Rd2+ Ke6 52. Kg2 g3 53. Nd3 Nf5 54. Nc5+ Ke7 55. Rd7+ Ke8 56. Ra7 Nh4+ 0-1


[Site "https://www.chess.com"]

[Event "Titled Tuesday Blitz August 08 Early 2023"]
[White "Wagner, Dennis"]
[Black "Paravyan, David"]
[WhiteFideId "24650684"]
[BlackFideId "4194985"]
[WhiteElo "2773"]
[BlackElo "3030"]
[Result "0-1"]
[Round "11"]
[TimeControl "180+1"]
[Date "2023.08.08"]
[WhiteClock "0:00:12"]
[BlackClock "0:01:08"]
[Board "8"]

1. e4 e5 2. Nf3 Nf6 3. Nxe5 d6 4. Nf3 Nxe4 5. d4 d5 6. Bd3 Bd6 7. O-O O-O 8. c4 c6 9. Nc3 Nxc3 10. bxc3 dxc4 11. Bxc4 Bg4 12. h3 Bh5 13. g4 Bg6 14. Ne5 b5 15. Nxg6 hxg6 16. Bb3 Nd7 17. Qf3 Rc8 18. Kg2 a5 19. Be3 a4 20. Bc2 Nb6 21. Bd3 Nd5 22. Bd2 Qf6 23. Qxf6 gxf6 24. Rfe1 Bf4 25. Be3 Bxe3 26. fxe3 Nxc3 27. a3 c5 28. dxc5 Rxc5 29. e4 Rd8 30. Re3 Rd4 31. Kf3 g5 32. Bf1 Nd1 33. Rd3 Rxd3+ 34. Bxd3 Nb2 35. Bf1 Rc3+ 36. Kf2 Nc4 37. Bxc4 bxc4 38. Rd1 Rxa3 39. Rd8+ Kg7 40. Rc8 c3 41. Rc4 Ra2+ 42. Kf3 c2 43. Ke2 c1=Q+ 0-1


[Site "https://www.chess.com"]

[Event "Titled Tuesday Blitz August 08 Early 2023"]
[White "Matlakov, Maxim"]
[Black "Korchmar, Vasiliy"]
[WhiteFideId "4168003"]
[BlackFideId "24131750"]
[WhiteElo "3007"]
[BlackElo "2734"]
[Result "1-0"]
[Round "11"]
[TimeControl "180+1"]
[Date "2023.08.08"]
[WhiteClock "0:00:35"]
[BlackClock "0:00:00"]
[Board "9"]

1. d4 d5 2. c4 c6 3. Nf3 Nf6 4. Nc3 e6 5. Bg5 Nbd7 6. e3 Be7 7. Rc1 h6 8. Bh4 O-O 9. Bd3 dxc4 10. Bxc4 b5 11. Bd3 Bb7 12. O-O Rc8 13. Ne5 Nxe5 14. dxe5 Nd7 15. Bxe7 Qxe7 16. f4 Nc5 17. Bb1 b4 18. Ne2 Ba6 19. Qc2 Nd3 20. Rcd1 Rfd8 21. Nc1 Qc5 22. Nxd3 Qxe3+ 23. Qf2 Qxf2+ 24. Kxf2 Rd4 25. Ke3 Rcd8 26. Nf2 c5 27. Rfe1 g5 28. g3 gxf4+ 29. gxf4 f6 30. exf6 Kf7 31. Rxd4 cxd4+ 32. Kd2 Rg8 33. Bd3 Bxd3 34. Nxd3 Rg2+ 35. Re2 Rg1 36. Nxb4 Kxf6 37. Nc6 Kf5 38. Nxd4+ Kxf4 39. Nxe6+ Kf5 40. Nd4+ Kf4 41. a4 h5 42. b4 h4 43. b5 Ra1 44. Ne6+ Kf3 45. Nd4+ Kf4 46. Rf2+ Ke4 47. Nb3 Ra2+ 48. Ke1 Ra1+ 49. Ke2 Ra2+ 50. Ke1 Ra1+ 51. Nxa1 1-0


[Site "https://www.chess.com"]

[Event "Titled Tuesday Blitz August 08 Early 2023"]
[White "Kazakouski, Valery"]
[Black "Erigaisi Arjun"]
[WhiteFideId "13507443"]
[BlackFideId "35009192"]
[WhiteElo "2902"]
[BlackElo "3076"]
[Result "1-0"]
[Round "11"]
[TimeControl "180+1"]
[Date "2023.08.08"]
[WhiteClock "0:01:35"]
[BlackClock "0:01:43"]
[Board "10"]

1. Nf3 d6 2. d4 g6 3. g3 Bg7 4. Bg2 Nc6 5. O-O Bd7 6. Re1 Qc8 7. c3 h5 8. Bg5 Bh3 9. e4 h4 10. Nxh4 Bxg2 11. Kxg2 f6 12. Be3 Kf7 13. d5 Ne5 14. f4 Nc4 15. Nd2 Nxe3+ 16. Rxe3 Nh6 17. f5 gxf5 18. Qh5+ Kg8 19. Nxf5 Qf8 20. Qg6 Qf7 21. Nxh6+ Rxh6 22. Qxf7+ Kxf7 23. Nf3 c5 24. Rf1 b5 25. e5 fxe5 26. Nxe5+ Ke8 27. Nc6 Bf6 28. Re6 Bg5 29. Re4 Kd7 30. Rf7 Re8 31. h4 Bf6 32. Re6 Bg7 33. Rexe7+ 1-0


[Site "https://www.chess.com"]

[Event "Titled Tuesday Blitz August 08 Early 2023"]
[White "Grischuk, Alexander"]
[Black "Vokhidov, Shamsiddin"]
[WhiteFideId "4126025"]
[BlackFideId "14204223"]
[WhiteElo "3033"]
[BlackElo "2900"]
[Result "1-0"]
[Round "11"]
[TimeControl "180+1"]
[Date "2023.08.08"]
[WhiteClock "0:00:22"]
[BlackClock "0:00:09"]
[Board "11"]

1. e4 c5 2. Nf3 e6 3. b3 Nc6 4. Bb2 a6 5. g3 d5 6. exd5 exd5 7. Qe2+ Be6 8. Bg2 Nf6 9. Ng5 Qd7 10. O-O O-O-O 11. Nxe6 fxe6 12. Re1 Re8 13. d3 Bd6 14. Nd2 h5 15. Nf3 e5 16. c4 Nd4 17. Bxd4 exd4 18. Qd2 Rxe1+ 19. Rxe1 Re8 20. cxd5 Rxe1+ 21. Qxe1 Qf5 22. Nd2 b5 23. Ne4 Kd7 24. Qa5 Nxe4 25. Bxe4 Qg4 26. Qxa6 b4 27. Qb7+ Kd8 28. Qf7 h4 29. Bf5 Qd1+ 30. Kg2 Be7 31. d6 Bxd6 32. Qd7# 1-0


[Site "https://www.chess.com"]

[Event "Titled Tuesday Blitz August 08 Early 2023"]
[White "Galchenko, Matvey"]
[Black "Kramnik, Vladimir"]
[WhiteFideId "24175480"]
[BlackFideId "4101588"]
[WhiteElo "2884"]
[BlackElo "2989"]
[Result "1-0"]
[Round "11"]
[TimeControl "180+1"]
[Date "2023.08.08"]
[WhiteClock "0:00:04"]
[BlackClock "0:00:00"]
[Board "12"]

1. e4 c5 2. c3 Nf6 3. e5 Nd5 4. Nf3 e6 5. Bc4 d6 6. d4 cxd4 7. cxd4 Be7 8. O-O O-O 9. Bd2 dxe5 10. dxe5 b6 11. Qe2 Bb7 12. Nc3 Nxc3 13. Bxc3 Nd7 14. Rad1 Qc7 15. Rfe1 Rfd8 16. Nd4 a6 17. Bxe6 Nxe5 18. Nf5 Rxd1 19. Rxd1 Bf6 20. Bb3 Re8 21. Nd6 Re7 22. Nxb7 Nc6 23. Qxa6 Qxb7 24. Qxb7 Rxb7 25. Bxf6 gxf6 26. Rd6 Rc7 27. f3 Kg7 28. Bd5 Nb4 29. Bb3 Rc1+ 30. Kf2 Rb1 31. Rd7 Rxb2+ 32. Kg3 Nxa2 33. Bxf7 Kh6 34. Bg8 Nc3 35. Bxh7 Ne2+ 36. Kg4 Rb4+ 37. Be4 f5+ 38. Kxf5 Nc3 39. Ke5 Nxe4 40. fxe4 Rb2 41. Rd6+ Kg5 42. Rd8 Kg6 43. Rg8+ Kf7 44. Rg3 b5 45. h4 b4 46. h5 b3 47. h6 Rb1 48. h7 Rh1 49. Rxb3 Kg6 50. Rh3 1-0


[Site "https://www.chess.com"]

[Event "Titled Tuesday Blitz August 08 Early 2023"]
[White "Pranav Anand"]
[Black "Alekseev, Evgeny"]
[WhiteFideId "46626786"]
[BlackFideId "4138147"]
[WhiteElo "2876"]
[BlackElo "2943"]
[Result "0-1"]
[Round "11"]
[TimeControl "180+1"]
[Date "2023.08.08"]
[WhiteClock "0:00:12"]
[BlackClock "0:00:12"]
[Board "13"]

1. Nf3 c5 2. e4 e6 3. g3 Nc6 4. Bg2 Nf6 5. Qe2 e5 6. O-O Be7 7. Na3 O-O 8. Nc4 d6 9. a4 Re8 10. h3 Bf8 11. d3 h6 12. c3 Be6 13. Rd1 g6 14. Bd2 Bg7 15. b4 b6 16. bxc5 bxc5 17. Rdb1 Qc7 18. Ne1 Rab8 19. Nc2 d5 20. exd5 Nxd5 21. N2e3 Nde7 22. Rb5 Qd7 23. Rxc5 Rbd8 24. Rb1 Bxh3 25. Be4 Be6 26. Qf3 Rc8 27. Nd5 f5 28. Nxe7+ Nxe7 29. Rxc8 Rxc8 30. Bb7 Rd8 31. Na5 e4 32. Qe2 Qxd3 33. Qxd3 Rxd3 34. Be3 Bxc3 35. Nc6 Nxc6 36. Bxc6 Bd4 37. Bxh6 Rxg3+ 38. Kh2 Rf3 39. Rb8+ Kf7 40. Rb7+ Kg8 41. Be8 Rxf2+ 42. Kg3 f4+ 43. Bxf4 Rf3+ 44. Kh4 Rxf4+ 45. Kg5 Rf8 46. Bxg6 Be3+ 47. Kh4 Bf5 48. Rc7 0-1


[Site "https://www.chess.com"]

[Event "Titled Tuesday Blitz August 08 Early 2023"]
[White "Sjugirov, Sanan"]
[Black "Mitrabha, Guha"]
[WhiteFideId "4189302"]
[BlackFideId "5057000"]
[WhiteElo "2939"]
[BlackElo "2839"]
[Result "1-0"]
[Round "11"]
[TimeControl "180+1"]
[Date "2023.08.08"]
[WhiteClock "0:00:11"]
[BlackClock "0:00:10"]
[Board "14"]

1. e4 c6 2. d4 d5 3. Nc3 dxe4 4. Nxe4 Nf6 5. Nxf6+ gxf6 6. c3 h5 7. Nf3 h4 8. Bd3 Nd7 9. Qe2 Nb6 10. Bd2 h3 11. g3 Bg4 12. Be4 f5 13. Bc2 Qd5 14. Bd1 Nc4 15. Bf4 Nxb2 16. Qxb2 Bxf3 17. Qxb7 Rd8 18. Bxf3 Qxf3 19. Kd2 Bh6 20. Rae1 Bxf4+ 21. gxf4 e6 22. Rhg1 Qxf4+ 23. Kd3 Qf3+ 24. Re3 Qd5 25. Qxa7 f4 26. Re4 Qb5+ 27. Kd2 Qb2+ 28. Kd3 Qxf2 29. Rg7 Qf1+ 30. Kc2 Qg2+ 31. Rxg2 hxg2 32. Rxf4 Rh7 33. Rg4 1-0


[Site "https://www.chess.com"]

[Event "Titled Tuesday Blitz August 08 Early 2023"]
[White "Adewumi, Tanitoluwa"]
[Black "Kamsky, Gata"]
[WhiteFideId "30966396"]
[BlackFideId "2000024"]
[WhiteElo "2765"]
[BlackElo "2952"]
[Result "1-0"]
[Round "11"]
[TimeControl "180+1"]
[Date "2023.08.08"]
[WhiteClock "0:00:02"]
[BlackClock "0:00:00"]
[Board "15"]

1. e4 c5 2. Nf3 e6 3. c3 Nf6 4. e5 Nd5 5. Bc4 Nb6 6. Bb3 d6 7. exd6 Bxd6 8. O-O O-O 9. d4 cxd4 10. Qxd4 Nc6 11. Qe4 Nd7 12. Bc2 Nf6 13. Qh4 Ne7 14. Rd1 Qc7 15. Bg5 Ng6 16. Bxg6 fxg6 17. Nbd2 h6 18. Bxf6 Rxf6 19. Ne4 Rf4 20. Qg3 Be7 21. Qxg6 e5 22. Ng3 Bg4 23. Nh5 Bxh5 24. Qxh5 e4 25. Qd5+ Kh7 26. Nd4 Qb6 27. g3 Rg4 28. h3 Rg6 29. Qxe4 Bc5 30. b4 Bxd4 31. Rxd4 a5 32. Re1 Qc6 33. Qd3 axb4 34. Rxb4 Rxa2 35. Rg4 Ra5 36. Rxg6 Qxg6 37. Qd4 Rf5 38. Re7 1-0


[Site "https://www.chess.com"]

[Event "Titled Tuesday Blitz August 08 Early 2023"]
[White "Demidov, Mikhail"]
[Black "Materia, Marco"]
[WhiteFideId "4197143"]
[BlackFideId "45150451"]
[WhiteElo "2950"]
[BlackElo "2757"]
[Result "1/2-1/2"]
[Round "11"]
[TimeControl "180+1"]
[Date "2023.08.08"]
[WhiteClock "0:00:12"]
[BlackClock "0:00:10"]
[Board "16"]

1. Nf3 d5 2. g3 Nf6 3. Bg2 e6 4. O-O Be7 5. b3 O-O 6. Bb2 c5 7. c4 Nc6 8. cxd5 Nxd5 9. Nc3 Bf6 10. Rc1 b6 11. e4 Ndb4 12. e5 Be7 13. d4 cxd4 14. Nxd4 Nxd4 15. Bxa8 Ba6 16. Bg2 Nd3 17. Rb1 Nxb2 18. Rxb2 Bxf1 19. Bxf1 Nc6 20. Rd2 Qb8 21. f4 Rd8 22. Bg2 Rxd2 23. Qxd2 Nd4 24. Ne4 Qd8 25. Kh1 h6 26. h4 a5 27. h5 Qd7 28. Kh2 a4 29. Kh3 axb3 30. axb3 Qd8 31. Qd3 Nf5 32. Qxd8+ Bxd8 33. Nd6 Nd4 34. b4 Be7 35. Nc8 Bxb4 36. Nxb6 Be1 37. Bf1 Nf5 38. g4 Ne3 39. Bd3 Bf2 40. g5 hxg5 41. fxg5 Bg1 42. g6 Nd1 43. gxf7+ Kxf7 44. Bg6+ Ke7 45. Nc4 Bd4 46. Kg3 Nc3 47. Kf4 Ne2+ 48. Ke4 Bc5 49. Nd2 Nc3+ 50. Kd3 Nd5 51. Ke4 Bb4 52. Nf3 Nc3+ 53. Kd3 Nd5 54. Ke4 Nc3+ 55. Kd3 Nd5 56. Kd4 Bc3+ 57. Ke4 Bb2 58. Bh7 Bc1 59. Kd4 Nf4 60. Bg6 Bb2+ 61. Ke4 Nxg6 62. hxg6 Bc1 63. Nh2 Bg5 64. Nf1 Bc1 65. Ng3 Bd2 66. Nh5 Kf8 67. Kd4 Bb4 68. Kc4 Ba3 69. Nf4 Ke7 70. Kb5 Bb2 71. Nd3 Bc3 72. Kc4 Ba1 73. Kc5 Bc3 74. Kc6 Ba1 75. Kb5 Bc3 76. Kc4 Ba1 77. Kb3 Kd7 78. Kc4 Ke7 1/2-1/2


[Site "https://www.chess.com"]

[Event "Titled Tuesday Blitz August 08 Early 2023"]
[White "Nazari, Arad"]
[Black "Shimanov, Aleksandr"]
[WhiteFideId "12577324"]
[BlackFideId "4198603"]
[WhiteElo "2752"]
[BlackElo "2915"]
[Result "0-1"]
[Round "11"]
[TimeControl "180+1"]
[Date "2023.08.08"]
[WhiteClock "0:00:05"]
[BlackClock "0:00:28"]
[Board "17"]

1. e4 e6 2. d4 d5 3. e5 c5 4. c3 Nc6 5. Nf3 Nge7 6. Na3 Nf5 7. Nc2 Qa5 8. a3 Nfxd4 9. Nfxd4 Nxd4 10. Nxd4 cxd4 11. b4 Qc7 12. Qxd4 Be7 13. Bd3 O-O 14. O-O Bd7 15. Be3 a6 16. c4 dxc4 17. Bxc4 Bc6 18. Rac1 Rad8 19. Qf4 Rd7 20. Rfe1 Rfd8 21. h4 b5 22. Be2 Qb7 23. Qg3 Kh8 24. h5 h6 25. Rc3 Be4 26. Rec1 Qd5 27. Bb6 Re8 28. Rd1 Qb7 29. Rxd7 Qxd7 30. Qe3 Qd5 31. f3 Bf5 32. g4 Bh7 33. Qd4 Qa2 34. Kf1 Bh4 35. Qd7 Rg8 36. Qd3 Bxd3 0-1


[Site "https://www.chess.com"]

[Event "Titled Tuesday Blitz August 08 Early 2023"]
[White "Timmermans, Mark"]
[Black "Zhigalko, Sergei"]
[WhiteFideId "1026399"]
[BlackFideId "13502956"]
[WhiteElo "2733"]
[BlackElo "2907"]
[Result "1-0"]
[Round "11"]
[TimeControl "180+1"]
[Date "2023.08.08"]
[WhiteClock "0:00:24"]
[BlackClock "0:00:00"]
[Board "18"]

1. b4 e5 2. Bb2 e4 3. e3 Nf6 4. a3 d5 5. d3 Bf5 6. Nd2 Nbd7 7. dxe4 dxe4 8. Ne2 a5 9. Ng3 Bg6 10. b5 Be7 11. a4 h5 12. h4 Bb4 13. Be2 Qe7 14. c3 Bd6 15. Nc4 Bc5 16. Qc1 O-O 17. Ba3 Rfd8 18. Nf1 Nd5 19. Nfd2 Qf6 20. Bb2 Bf8 21. Nb3 N5b6 22. Ncd2 Ne5 23. c4 Bb4 24. Bd4 Qe6 25. O-O Nd3 26. Qc2 Nd7 27. c5 N7e5 28. Rad1 Rd7 29. Nc1 Rad8 30. f4 exf3 31. Bxd3 Nxd3 32. Nxd3 Rxd4 33. exd4 Qe3+ 34. Rf2 Bxd3 35. Qb3 fxg2 36. Nf3 1-0


[Site "https://www.chess.com"]

[Event "Titled Tuesday Blitz August 08 Early 2023"]
[White "Jaracz, Pawel"]
[Black "Jones, Gawain C B"]
[WhiteFideId "1102222"]
[BlackFideId "409561"]
[WhiteElo "2756"]
[BlackElo "2885"]
[Result "1-0"]
[Round "11"]
[TimeControl "180+1"]
[Date "2023.08.08"]
[WhiteClock "0:00:16"]
[BlackClock "0:00:17"]
[Board "19"]

1. e4 d6 2. d4 Nf6 3. Nc3 g6 4. Be3 c6 5. Qd2 Ng4 6. Bg5 Qa5 7. h3 Nf6 8. Nf3 Bg7 9. Bd3 e5 10. Bh6 O-O 11. O-O-O Nbd7 12. Kb1 b5 13. g4 Bb7 14. Bxg7 Kxg7 15. dxe5 dxe5 16. Qg5 h6 17. Qh4 Rh8 18. Ne2 c5 19. c3 Nxe4 20. Qe7 Nxf2 21. Bxg6 Kxg6 22. Rd6+ Kg7 23. Rxd7 Be4+ 24. Ka1 Rhf8 25. Qxe5+ Kg8 26. Ng3 Rae8 27. Qf4 Bg6 28. Nf5 Nxh1 29. Nxh6+ Kg7 30. Qg5 Kh7 31. Nf5 Bxf5 32. gxf5 Qb6 33. f6 Qxf6 34. Qxf6 Re6 35. Qf5+ Rg6 36. Rxf7+ Rxf7 37. Qxf7+ Kh6 38. Qf8+ Kh7 39. Qf7+ Kh6 40. Qf4+ Kh7 41. a4 bxa4 42. Ne5 Rg1+ 43. Ka2 Rg7 44. Qf5+ Kg8 45. Qe6+ Kh7 46. Ng4 Ng3 47. Qh6+ Kg8 48. Qe6+ Kh7 49. Qe5 Nf1 50. Qf5+ Kg8 51. Qxf1 a3 52. Qc4+ Kh7 53. Kxa3 Rg6 54. Qe4 Kg7 55. Qxg6+ Kxg6 56. Ne5+ Kg5 57. Nd3 c4 58. Ne5 Kh4 59. Nxc4 Kxh3 60. Kb4 Kg4 61. Na5 Kf5 62. Kc5 Ke6 63. b4 Kd7 64. Kb5 Kc7 65. Ka6 Kb8 66. b5 Ka8 67. c4 Kb8 68. Nc6+ Ka8 69. Nxa7 Kb8 70. Nc6+ Ka8 71. Na5 Kb8 72. c5 Ka8 73. b6 Kb8 74. Kb5 Ka8 75. c6 Kb8 76. Nc4 Ka8 77. Nd6 Kb8 78. Ka6 1-0


[Site "https://www.chess.com"]

[Event "Titled Tuesday Blitz August 08 Early 2023"]
[White "Baskakov, Egor"]
[Black "Alex_Sahakyan2006"]
[WhiteFideId "24197866"]
[WhiteElo "2872"]
[BlackElo "2729"]
[Result "1-0"]
[Round "11"]
[TimeControl "180+1"]
[Date "2023.08.08"]
[WhiteClock "0:00:56"]
[BlackClock "0:00:00"]
[Board "20"]

1. e4 c5 2. Nf3 e6 3. Be2 a6 4. c4 Nc6 5. d4 cxd4 6. Nxd4 Nf6 7. Nc3 Bb4 8. Nxc6 bxc6 9. Bf3 e5 10. O-O O-O 11. Bg5 h6 12. Bh4 Be7 13. Bg3 Qa5 14. a3 Rb8 15. b4 Qc7 16. Rb1 d6 17. Qd3 Be6 18. Rfc1 Qa7 19. h3 Rfc8 20. a4 Qd4 21. Qxd4 exd4 22. Ne2 c5 23. b5 axb5 24. axb5 Nd7 25. Nf4 Ne5 26. Be2 Bg5 27. Rb3 Ra8 28. Rc2 Ra1+ 29. Kh2 Bxf4 30. Bxf4 Ra4 31. Bxe5 dxe5 32. b6 Rb8 33. Rb5 Ra3 34. Rd2 f6 35. f4 Bd7 36. Rxc5 Rxb6 37. fxe5 fxe5 38. Rxe5 Re3 39. Bf3 d3 40. Rd5 Be6 41. Rd8+ Kf7 42. c5 Rb3 43. c6 Rc3 44. c7 Rxc7 45. R8xd3 Re1 46. Rd6 Ke7 47. Rb6 Rd7 48. Rxe6+ Kxe6 49. Bg4+ Ke5 50. Rxd7 1-0


[Site "https://www.chess.com"]

[Event "Titled Tuesday Blitz August 08 Early 2023"]
[White "Ibarra Jerez, Jose Carlos"]
[Black "Akobian, Varuzhan"]
[WhiteFideId "2226332"]
[BlackFideId "13300580"]
[WhiteElo "2850"]
[BlackElo "2727"]
[Result "1-0"]
[Round "11"]
[TimeControl "180+1"]
[Date "2023.08.08"]
[WhiteClock "0:00:07"]
[BlackClock "0:00:00"]
[Board "21"]

1. Nf3 Nf6 2. g3 b6 3. Bg2 Bb7 4. b3 g6 5. Bb2 Bg7 6. O-O O-O 7. c4 c5 8. d4 cxd4 9. Qxd4 d6 10. Rd1 Nbd7 11. Qc3 Nc5 12. Qe1 a6 13. Nc3 Rc8 14. Rac1 Qd7 15. Ba1 Rfd8 16. b4 Nce4 17. Nxe4 Bxe4 18. c5 bxc5 19. bxc5 d5 20. Ne5 Qa4 21. f3 Bf5 22. g4 Be6 23. Bd4 Nd7 24. Qg3 Nxe5 25. Bxe5 Rxc5 26. Bxg7 Kxg7 27. Qe5+ Kg8 28. Rxc5 Qxd1+ 29. Kf2 d4 30. Qc7 Re8 31. Bf1 Qd2 32. Qa5 Qe3+ 33. Kg2 d3 34. exd3 Rb8 35. Rc2 Rb1 36. Qd2 Qd4 37. Qf2 Qd5 38. d4 Bxg4 39. Bc4 Qb7 40. d5 Bf5 41. Rd2 Rc1 42. Bb3 Qc8 43. d6 exd6 44. Rxd6 Qc7 45. Qd4 Be6 46. Rd8+ Qxd8 47. Qxd8+ 1-0


[Site "https://www.chess.com"]

[Event "Titled Tuesday Blitz August 08 Early 2023"]
[White "Kushko, Dmitriy"]
[Black "Hoang, Thi Bao Tram"]
[WhiteFideId "14162261"]
[BlackFideId "12401102"]
[WhiteElo "2846"]
[BlackElo "2700"]
[Result "1-0"]
[Round "11"]
[TimeControl "180+1"]
[Date "2023.08.08"]
[WhiteClock "0:00:09"]
[BlackClock "0:00:01"]
[Board "22"]

1. Nf3 Nf6 2. g3 g6 3. Bg2 Bg7 4. d4 O-O 5. O-O d6 6. a4 c6 7. Re1 Nbd7 8. e4 e5 9. Nc3 Re8 10. h3 Qc7 11. Be3 b6 12. g4 Bb7 13. Qd2 a6 14. Rad1 Rad8 15. d5 cxd5 16. exd5 Rc8 17. Nh2 h5 18. g5 Nh7 19. Ne4 f5 20. gxf6 Ndxf6 21. Nc3 Rf8 22. Nf1 h4 23. Qd3 Qf7 24. Nd2 Nh5 25. Nc4 Nf4 26. Bxf4 Qxf4 27. Nxd6 Rc7 28. Qxg6 Ba8 29. Nde4 Rcf7 30. Qxb6 Nf6 31. Qe3 Qf5 32. Nd6 Qg6 33. Nxf7 Rxf7 34. Kh1 Nh5 35. Be4 Qf6 36. d6 Bxe4+ 37. Nxe4 Qf5 38. Ng5 Rd7 39. Rg1 Nf4 40. Qe4 Qf6 41. Qh7+ Kf8 42. Qxh4 Kg8 43. Qg4 Rxd6 44. Ne4 Qh6 45. Rxd6 1-0


[Site "https://www.chess.com"]

[Event "Titled Tuesday Blitz August 08 Early 2023"]
[White "Pakleza, Zbigniew"]
[Black "Morefield, Jason"]
[WhiteFideId "1119290"]
[BlackFideId "30920825"]
[WhiteElo "2833"]
[BlackElo "2705"]
[Result "1/2-1/2"]
[Round "11"]
[TimeControl "180+1"]
[Date "2023.08.08"]
[WhiteClock "0:00:14"]
[BlackClock "0:00:05"]
[Board "23"]

1. d4 Nf6 2. Nf3 d5 3. Bf4 c5 4. c3 Nc6 5. Nbd2 cxd4 6. cxd4 Bf5 7. e3 Rc8 8. Qb3 Na5 9. Bb5+ Bd7 10. Qa4 a6 11. Bxd7+ Nxd7 12. O-O b5 13. Qd1 e6 14. a4 Be7 15. axb5 axb5 16. Ne5 Nc4 17. Ndxc4 dxc4 18. Qg4 O-O 19. Ra6 Nf6 20. Qf3 Qd5 21. Rfa1 Qxf3 22. gxf3 Nd5 23. Bg3 b4 24. e4 c3 25. bxc3 Nxc3 26. Nc6 Rfe8 27. Rb6 b3 28. Ra7 Rxc6 29. Rxc6 b2 30. Rxe7 b1=Q+ 31. Kg2 Rf8 32. Rxc3 Qb4 33. Rcc7 Qxd4 34. Rcd7 Qf6 35. Rc7 Qg6 36. Red7 h5 37. h4 Kh7 38. Kh2 e5 39. Bxe5 f6 40. Bf4 Rg8 41. Bg3 Qe8 42. Re7 Qa4 43. e5 f5 44. f4 Qe4 45. Rf7 Kg6 46. Rfe7 Qf3 47. Re6+ Kh7 48. Rf7 Rd8 49. Rd6 Rxd6 50. exd6 Qd5 51. d7 Qd3 52. Rxf5 Qxd7 53. Rxh5+ Kg8 54. Re5 Qf7 55. h5 Qd7 56. Rg5 Kh7 57. Kg2 Qc6+ 58. Kh2 Qc2 59. Re5 Qd1 60. Kh3 Qf3 61. Kh4 Qh1+ 62. Kg5 Qc6 63. f5 Qf6+ 64. Kg4 Qc6 65. f3 Qc4+ 66. Bf4 Qc8 67. Re7 Qd8 68. f6 Qc8+ 69. Kg3 Qf5 70. Rxg7+ Kh8 71. Rg6 Kh7 72. Bh6 Qxh5 73. Rg4 Qe5+ 74. Bf4 Qxf6 75. Bg5 Qe5+ 76. Bf4 Qf5 77. Rh4+ Kg6 78. Rg4+ Kh7 79. Rg5 Qf6 80. Kg4 Qe6+ 81. Kh4 Qe1+ 82. Kg4 Qg1+ 83. Kf5 Qc5+ 84. Be5 Qc2+ 85. Kf4 Qc4+ 86. Kg3 Qe6 87. f4 Qb3+ 88. Kg4 Qd1+ 89. Kf5 Qd3+ 90. Kf6 Qd8+ 91. Ke6 Qc8+ 92. Kd5 Qb7+ 93. Kd4 Qb4+ 94. Ke3 Qe1+ 95. Kf3 Qf1+ 96. Ke4 Qe2+ 97. Kf5 Qc2+ 98. Kg4 Qg2+ 99. Kh4 Qh2+ 100. Kg4 Qg2+ 101. Kf5 Qc2+ 102. Ke6 Qc8+ 103. Ke7 Qb7+ 104. Kf6 Qc6+ 105. Kf7 Qd7+ 106. Kf6 Qd8+ 107. Ke6 Qc8+ 1/2-1/2


[Site "https://www.chess.com"]

[Event "Titled Tuesday Blitz August 08 Early 2023"]
[White "Rustemov, Alexander"]
[Black "Rychagov, Andrey"]
[WhiteFideId "4119002"]
[BlackFideId "4119932"]
[WhiteElo "2832"]
[BlackElo "2685"]
[Result "1-0"]
[Round "11"]
[TimeControl "180+1"]
[Date "2023.08.08"]
[WhiteClock "0:00:40"]
[BlackClock "0:00:30"]
[Board "24"]

1. d4 d5 2. c4 e6 3. Nc3 Be7 4. Nf3 Nf6 5. Bg5 O-O 6. e3 h6 7. Bxf6 Bxf6 8. Rc1 c6 9. Bd3 Nd7 10. O-O dxc4 11. Bxc4 e5 12. h3 exd4 13. exd4 Nb6 14. Bb3 Bf5 15. Re1 Qd6 16. Ne5 Rad8 17. Qh5 Bxe5 18. dxe5 Qg6 19. Qxg6 Bxg6 20. Rcd1 Rfe8 21. f4 Kf8 22. g4 Bd3 23. Kf2 Bc4 24. Bxc4 Nxc4 25. b3 Nb2 26. Rxd8 Rxd8 27. Re2 Nd1+ 28. Nxd1 Rxd1 29. f5 Rd3 30. h4 h5 31. gxh5 Rh3 32. Re4 Rh2+ 33. Kf3 Rxa2 34. h6 gxh6 35. Kg4 a5 36. Kh5 Ra3 37. Kxh6 Rxb3 38. Kg5 b5 39. Kf6 Rb4 40. Rxb4 axb4 41. h5 b3 42. h6 Kg8 43. e6 fxe6 44. fxe6 b2 45. e7 b1=Q 46. e8=Q+ Kh7 47. Qf7+ Kxh6 48. Qg7+ 1-0


[Site "https://www.chess.com"]

[Event "Titled Tuesday Blitz August 08 Early 2023"]
[White "Ashraf, Artin"]
[Black "Pham, Le Thao Nguyen"]
[WhiteFideId "22514805"]
[BlackFideId "12401226"]
[WhiteElo "2812"]
[BlackElo "2662"]
[Result "1-0"]
[Round "11"]
[TimeControl "180+1"]
[Date "2023.08.08"]
[WhiteClock "0:00:09"]
[BlackClock "0:00:07"]
[Board "25"]

1. e4 c6 2. d3 d5 3. Nf3 dxe4 4. dxe4 Qxd1+ 5. Kxd1 Nf6 6. Nfd2 g5 7. Nc3 Rg8 8. a4 Be6 9. Bc4 Bxc4 10. Nxc4 Nbd7 11. f3 e6 12. Be3 Bb4 13. Ke2 g4 14. Rad1 Ke7 15. Na2 Bc5 16. Bxc5+ Nxc5 17. Nc3 gxf3+ 18. Kxf3 Ncd7 19. g3 Ng4 20. Ke2 Nge5 21. Ne3 a5 22. Rhf1 h5 23. Rf4 Rg5 24. Nb1 Ng4 25. Nf1 Nc5 26. Nc3 Rh8 27. h3 Ne5 28. b3 Rhg8 29. Kf2 R8g6 30. Rd2 Rg8 31. Re2 R5g7 32. Ke3 Rd8 33. Rff2 Rgg8 34. Rd2 f6 35. Rxd8 Rxd8 36. Rd2 Rg8 37. Kf2 Rf8 38. Ne3 Rg8 39. Rd4 Na6 40. Ne2 Nb4 41. Nf4 Rh8 42. Rd2 Rh7 43. Neg2 Rg7 44. Ne1 Rh7 45. Nf3 Rh8 46. Nxe5 fxe5 47. Ng6+ Kf6 48. Nxh8 Kg7 49. c3 Na6 50. Rd7+ Kxh8 51. b4 Nc5 52. bxc5 1-0


[Site "https://www.chess.com"]

[Event "Titled Tuesday Blitz August 08 Early 2023"]
[White "Domingo Nunez, Ruben"]
[Black "Mayank Chakraborty"]
[WhiteFideId "22245570"]
[BlackFideId "25659766"]
[WhiteElo "2644"]
[BlackElo "2801"]
[Result "0-1"]
[Round "11"]
[TimeControl "180+1"]
[Date "2023.08.08"]
[WhiteClock "0:00:10"]
[BlackClock "0:00:38"]
[Board "26"]

1. b3 e5 2. Bb2 Nc6 3. e3 Nf6 4. Bb5 Bd6 5. Bxc6 dxc6 6. d3 O-O 7. Nd2 Qe7 8. e4 Nd7 9. Ne2 Nc5 10. Nc4 b5 11. Ne3 Qg5 12. h4 Qe7 13. Ng3 f6 14. Ngf5 Qf7 15. h5 Ne6 16. g3 Bb4+ 17. Kf1 Bc5 18. Qg4 Kh8 19. Kg2 Bxe3 20. fxe3 Ng5 21. Ba3 Re8 22. Raf1 a5 23. Bc5 a4 24. b4 Qxa2 25. Rf2 h6 26. Qd1 Bxf5 27. exf5 e4 28. d4 Nf3 29. Rxf3 exf3+ 30. Kxf3 Qd5+ 31. Kf2 Qxf5+ 32. Kg2 a3 0-1


[Site "https://www.chess.com"]